 Dungeon Crawl Stone Soup version 0.17-a0-1719-g1afd5a1 (webtiles) character file.

744 Baka the Covered (level 7, -5/52 HPs)
             Began as a Demonspawn Chaos Knight on Aug 27, 2015.
             Slain by a mummy (16 damage)
             ... in an ossuary.
             The game lasted 00:05:32 (2899 turns).

Baka the Covered (Demonspawn Chaos Knight)          Turns: 2899, Time: 00:05:33

Health: -5/52      AC:  8    Str: 12    XL:     7   Next: 47%
Magic:  7/7        EV: 14    Int: 14    God:    Xom [*.....]
Gold:   224        SH:  0    Dex: 14    Spells: 0 memorised, 6 levels left

rFire  . . .     SeeInvis .     a - +0 mace (chaos)
rCold  . . .     Clarity  .     b - +2 leather armour
rNeg   + . .     SustAt   .     (no shield)
rPois  .         Gourm    .     (no helmet)
rElec  .         Spirit   .     h - +0 cloak
rCorr  .         Warding  +     (no gloves)
rMut   .         Stasis   .     r - +0 pair of boots
MR     .....                    e - amulet of warding
Stlth  +.........               (no ring)
                                (no ring)

@: not resistant to hostile enchantments, very unstealthy
A: hooves 1, repulsion field 2
a: Renounce Religion


You were in an ossuary.
You worshipped Xom.
You were a special plaything of Xom.
You were not hungry.

You visited 1 branch of the dungeon, and saw 5 of its levels.
You also visited: Ossuary.

You collected 224 gold pieces.

Inventory:

Hand weapons
 a - a +0 mace of chaos (weapon)
Armour
 b - a +2 leather armour (worn)
 h - a +0 cloak (worn)
 r - a +0 pair of boots (worn)
Jewellery
 e - an amulet of warding (around neck)
 p - an uncursed amulet of resist corrosion
Magical devices
 q - a wand of teleportation (5)
 w - a wand of lightning (4)
 x - a wand of digging (16)
Scrolls
 d - 4 scrolls of remove curse
 g - a scroll of recharging {unknown}
 k - a scroll of teleportation {unknown}
 l - 2 scrolls of identify
 m - a scroll of random uselessness {unknown}
 n - a scroll of enchant armour {unknown}
Potions
 f - a potion of cancellation
 j - a potion of mutation {unknown}
 s - a potion of lignification
 t - a potion of degeneration {unknown}
 u - a potion of heal wounds {unknown}
Books
 v - a book of Battle

   Spells                             Type                      Level
   a - Infusion                       Charms                       1
   b - Shroud of Golubria             Charms/Translocation         2
   c - Song of Slaying                Charms                       2
   d - Spectral Weapon                Hexes/Charms                 3
   e - Regeneration                   Charms/Necromancy            3
Comestibles
 c - a beef jerky
 i - 4 meat rations
 z - a slice of pizza
 A - 8 royal jellies


   Skills:
 - Level 3.0 Fighting
 - Level 2.6 Maces & Flails
 + Level 7.8 Armour
 - Level 0.8 Dodging


You had 6 spell levels left.
You didn't know any spells.

Dungeon Overview and Level Annotations

Branches:
Dungeon (5/15)
 Temple: D:4-7

Altars:
Ru
Sif Muna
Vehumet

Shops:
D:4 %}}%*


Innate Abilities, Weirdness & Mutations

You have large cloven feet.
You are surrounded by a moderate repulsion field (EV +3).


Message History

You hit the mummy but do no damage. The mummy barely misses you.
The mummy closely misses you.
You barely miss the mummy. The mummy closely misses you. The mummy misses you.
You hit the mummy.
Space bends around the mummy.
The mummy is moderately damaged.
The mummy misses you. x2
You barely miss the mummy.
The mummy is moderately damaged.
You hit the mummy.
The mummy seems to speed up.
The mummy is moderately damaged.
The mummy completely misses you. The mummy barely misses you.
You hit the mummy but do no damage.
The mummy seems to slow down.
The mummy is moderately damaged.
The mummy hits you.
* * * LOW HITPOINT WARNING * * *
The mummy misses you.
You barely miss the mummy.
The mummy is moderately damaged.
The mummy hits you!
You die...

#######
#.#M#.#
#.@M..#
##...##
#.∩.#
#...#
#.∩.#
#...#
##+##


You could see 2 mummies.

Vanquished Creatures
  The ghost of dadoka the Insei, an average OpTm of Ashenzari (D:4)
  Duvessa (D:4)
  An ogre (D:4)
  Dowan (D:4)
  A scorpion (D:5)
  An orc wizard (D:4)
  A worker ant (D:4)
  A killer bee zombie (D:4)
  A hound skeleton (D:4)
  A mummy (Ossuary)
  5 adders
  5 gnolls
  An ooze (D:3)
  An adder skeleton (D:5)
  3 worms (D:2)
  3 giant geckos
  12 orcs
  5 giant cockroaches
  5 hobgoblins
  A quokka (D:3)
  3 bats
  10 giant newts
  6 goblins
  A goblin zombie (D:5)
  9 kobolds
  A quokka zombie (D:5)
  5 rats
86 creatures vanquished.

Vanquished Creatures (collateral kills)
  2 gnolls (D:4)
  A giant gecko (D:4)
3 creatures vanquished.

Grand Total: 89 creatures vanquished

Notes
Turn   | Place    | Note
--------------------------------------------------------------
     0 | D:1      | Baka the Demonspawn Chaos Knight began the quest for the Orb.
     0 | D:1      | Reached XP level 1. HP: 18/18 MP: 1/1
   307 | D:1      | Gained mutation: You have large cloven feet. [demonic ancestry]
   307 | D:1      | Reached XP level 2. HP: 21/24 MP: 2/2
   531 | D:1      | XOM: harmless Air miscast
   593 | D:2      | XOM: butterfly on damage
   689 | D:2      | Found a deep blue altar of Sif Muna.
   783 | D:2      | Gained mutation: You are surrounded by a mild repulsion field (EV +2). [demonic ancestry]
   783 | D:2      | Reached XP level 3. HP: 16/29 MP: 3/3
   879 | D:2      | Found a radiant altar of Vehumet.
  1158 | D:3      | XOM: harmless Hex miscast
  1168 | D:3      | Reached XP level 4. HP: 35/35 MP: 4/4
  1243 | D:3      | Reached skill level 4 in Armour
  1495 | D:3      | XOM: divination: magic mapping
  1508 | D:3      | XOM: harmless Divn miscast
  1625 | D:3      | XOM: vitrification
  1918 | D:4      | XOM: noise
  1975 | D:4      | Reached XP level 5. HP: 41/41 MP: 5/5
  1984 | D:4      | Found Ruyvaxt's General Store.
  2034 | D:4      | Reached skill level 5 in Armour
  2040 | D:4      | Noticed dadoka's ghost (average OpTm)
  2056 | D:4      | Killed dadoka's ghost
  2056 | D:4      | Reached skill level 6 in Armour
  2056 | D:4      | Reached XP level 6. HP: 19/47 MP: 6/6
  2247 | D:4      | Found a sacrificial altar of Ru.
  2259 | D:4      | Noticed an ogre
  2259 | D:4      | XOM: cast spell 'Summon Ice Beast'
  2263 | D:4      | Killed an ogre
  2292 | D:4      | Found Xopiq's Gadget Boutique.
  2304 | D:4      | Found Dababbah's Food Shop.
  2351 | D:4      | Found Ussotig's Gadget Shoppe.
  2446 | D:4      | Noticed Duvessa
  2448 | D:4      | Noticed Dowan
  2452 | D:4      | XOM: summons friendly shadow imp
  2453 | D:4      | XOM: enchant monster (good)
  2465 | D:4      | Killed Duvessa
  2465 | D:4      | Reached skill level 7 in Armour
  2465 | D:4      | Gained mutation: You are surrounded by a moderate repulsion field (EV +3). [demonic ancestry]
  2465 | D:4      | Reached XP level 7. HP: 32/52 MP: 7/7
  2468 | D:4      | Killed Dowan
  2627 | D:4      | Found Bosebb's Food Shoppe.
  2642 | D:4      | XOM: god gift: 3 needles of slowing
  2772 | D:4      | XOM: god gift: 8 royal jellies
  2817 | D:5      | Entered Level 5 of the Dungeon
  2851 | D:5      | XOM: noise
  2852 | D:5      | XOM: fake destruction
  2874 | D:5      | Found a sand-covered staircase.
  2888 | Ossuary  | Entered an ossuary
  2899 | Ossuary  | Slain by a mummy

Vault maps used:
D:1:      ncdulo_halloftheorcs
D:2:      lemuel_round_altar, led_sif_pool
D:3:      kennysheep_big_flooded_room
D:4:      nicolae_ru_awakened_eye, serial_shops, shop_fountains, shop, shop,
          shop, kennysheep_mini_moat, uniq_duvessa
D:5:      serial_shops, shop, first_bread, enter_ossuary_4,
          cheibrodos_ashenzari_chains, uniq_crazy_yiuf_cottage
Ossuary:  ossuary_minmay_chase

Action                   |  1- 3 |  4- 6 |  7- 9 || total
-------------------------+-------+-------+-------++-------
Melee: Mace              |   126 |   162 |    52 ||   340
  Use: Potion            |       |     6 |       ||     6
       Scroll            |       |       |     2 ||     2
 Stab: Petrifying        |       |       |     1 ||     1
  Eat: Beef jerky        |     2 |       |       ||     2
       Bread ration      |       |     1 |       ||     1
